Cogmind - Beta 16.1 @@@ ROGUE MODE // 2026.03.28 @ 17:10:38 Player: MrFartsburg Result: Destroyed by D-53 Grenadier with Mini Grenade Launcher Performance ------------- Evolutions (1) 500 Regions Visited (3) 600 Robots Destroyed (21) 105 Value Destroyed (585) 585 Prototype IDs (1) 20 Alien Tech Used (0) 0 Bonus (0) 0 TOTAL SCORE: 1810 Bonus ------- None Cogmind --------- Core Integrity 0/400 Matter 147/300 Energy 99/100 System Corruption 4% Temperature Cool (0) Movement Core (350) Ox6 Location -9/Mines Parts ------- > --- POWER (2) -------- (None) > --- PROPULSION (3) --- (None) > --- UTILITY (2) ------ Large Storage Unit > --- WEAPON (2) ------- (None) > --- INVENTORY (15) --- Airjet Improved Heat Sink Recoil Stabilizer Weapon Shielding Shotgun Shotgun Peak State ------------ > --- POWER ------------ Ion Engine Ion Engine > --- PROPULSION ------- Airjet Airjet Airjet > --- UTILITY ---------- Improved Heat Sink Small Storage Unit > --- WEAPON ----------- Shock Rifle Improved Grenade Launcher > --- INVENTORY -------- Airjet Shield Generator Small Laser Shotgun Shotgun Light Cannon Mini Grenade Launcher [Rating: 22] Favorites ----------- Power Ion Engine Engine Ion Engine Propulsion Airjet Hover Unit Airjet Flight Unit Flight Unit Utility Small Storage Unit Device Improved Heat Sink Storage Small Storage Unit Protection Weapon Shielding Weapon Shotgun Energy Gun Shock Rifle Ballistic Gun Shotgun Launcher Improved Grenade Launcher Build | -11 -10 -9 -9 ------- Run | Yrd Mat Mat Min Slots Evolved 2 | . . 2 . Power 1 | . . 1 . Propulsion 1 | . . 1 . Utility . | . . . . Weapon . | . . . . Parts Attached 25 | 4 8 11 2 Power 3 | 1 1 1 . Engine 3 | 1 1 1 . Core . | . . . . Reactor . | . . . . Propulsion 7 | . 2 5 . Treads . | . . . . Leg . | . . . . Wheel . | . . . . Hover 4 | . . 4 . Flight 3 | . 2 1 . Utility 5 | 1 2 2 . Device 2 | . 1 1 . Storage 2 | 1 . 1 . Processor . | . . . . Hackware . | . . . . Protection 1 | . 1 . . Artifact . | . . . . Weapon 10 | 2 3 3 2 Energy Gun 4 | 1 . 1 2 Energy Cannon . | . . . . Ballistic Gun 5 | 1 3 1 . Ballistic Cannon . | . . . . Launcher 1 | . . 1 . Special Weapon . | . . . . Impact Weapon . | . . . . Slashing Weapon . | . . . . Piercing Weapon . | . . . . Special Melee Weapon . | . . . . Unidentified Prototypes 1 | . . . 1 Parts Lost 14 | . 4 4 6 Power 3 | . 1 1 1 Propulsion 4 | . 1 1 2 Utility 2 | . 1 1 . Weapon 5 | . 1 1 3 Highest Loss Streak 6 | . 2 3 6 To Critical Strikes . | . . . . Average Backups 5 | 1 4 6 7 Power . | . . . . Propulsion . | . . . 1 Utility 1 | . . 1 3 Weapon 3 | . 3 4 3 Tool/Special . | . . . . Unused Backups 6 | . 1 3 2 Power . | . . . . Propulsion . | . . . . Utility 3 | . 1 . 2 Weapon 3 | . . 3 . Tool/Special . | . . . . Average Slot Usage (%) 77 | . 72 86 54 Engine 14 | . 12 16 10 Hover 14 | . . 21 21 Flight 5 | . 5 6 . Device 5 | . 5 8 . Storage 11 | . 14 11 11 Protection 1 | . 5 . . Energy Gun 6 | . 7 6 . Ballistic Gun 11 | . 20 8 . Launcher 4 | . . 6 10 Peak Build Rating 22 | 4 11 22 13 Average Rating 12 | 3 6 17 12 On Entrance 6 | . 4 10 13 Avg Prop Armor Cover (%) . | . . . . Naked Turns . | . . . . Heaviest Build 39 | 14 17 39 31 Greatest Support 24 | 3 8 24 16 Greatest Overweight (x) 7 | 4 4 2 7 Average Overweight (x) 1 | 2 3 . 1 Largest Inventory Capacity 15 | 8 8 15 15 Average Capacity 9 | 7 8 9 15 Most Carried 8 | 5 8 8 8 Average Carried 5 | 1 4 6 7 Final Capacity 15 | 8 8 15 15 Final Carried 8 | 2 6 8 6 Class Distribution -------------------- 100% | Mutant Dominant Class ---------------- Mutant | -10/Materials Mutant | -9/Materials Mutant | -9/Mines Resources | -11 -10 -9 -9 ----------- Run | Yrd Mat Mat Min Matter Collected 569 | 224 96 249 . Remotely . | . . . . Salvage Created 547 | . 110 437 . Parts 35 | . 8 27 . Haulers Intercepted . | . . . . Recyclers Shooed . | . . . . Parts Field Recycled . | . . . . Retrieved Matter . | . . . . Parts Self-Destructed . | . . . . Prevented . | . . . . Parts Restored . | . . . . Kills | -11 -10 -9 -9 ------- Run | Yrd Mat Mat Min Combat Hostiles Destroyed 16 | . 6 10 . Guns 11 | . 6 5 . AOE 5 | . . 5 . Classes Destroyed 9 | . 2 7 . Worker 1 | . . 1 . Builder 1 | . . 1 . Recycler 1 | . . 1 . Mechanic 1 | . . 1 . Operator 1 | . . 1 . Swarmer 5 | . 5 . . Grunt 6 | . 1 5 . Duelist 1 | . . 1 . Sentry 4 | . . 4 . Best Kill Streak 6 | . 5 6 . Combat Bots Only 5 | . 5 4 . Max Kills in Single Turn 2 | . 2 2 . Gunslinging 1 | . 1 . . Exploded 1 | . . 1 . Melee . | . . . . Uniques/NPCs Destroyed . | . . . . Combat | -11 -10 -9 -9 -------- Run | Yrd Mat Mat Min Hostile Shots Fired 151 | . 103 32 16 Missed 36 | . 26 10 . Hits 115 | . 77 22 16 Projectile 115 | . 77 22 16 AOE 16 | . . . 16 Critical Strikes 2 | . . 2 . Damage Taken 1831 | . 648 498 685 Core 536 | . 136 123 277 Absorbed by Shields 55 | . . 55 . Redirected to Shielding 50 | . 50 . . Core Remaining (%) 72 | 100 45 . . Volleys Fired 36 | . 10 24 2 Largest 2 | . 2 2 2 Hottest 122 | . 70 86 122 Shots Fired 70 | . 20 46 4 Gun 48 | . 20 24 4 Cannon . | . . . . Launcher 22 | . . 22 . Special . | . . . . Kinetic 20 | . 19 1 . Thermal 5 | . 1 . 4 Explosive 22 | . . 22 . Electromagnetic 23 | . . 23 . Robot Hit Streak 7 | . 6 7 2 Robot Miss Streak 4 | . 4 2 1 Penetration Max . | . . . . Secondary Targets 1 | . 1 . . Max Gunslinging Chain 1 | . 1 . . Shots Hit Robots 44 | . 15 27 2 Core Hits 34 | . 7 25 2 Critical Kills 1 | . 1 . . Critical Parts Destroyed . | . . . . Critical Strikes 1 | . 1 . . Destroy 1 | . 1 . . Melee Attacks . | . . . . Impact . | . . . . Slashing . | . . . . Piercing . | . . . . Sneak Attacks . | . . . . Combat Hostiles . | . . . . Follow-up Attacks . | . . . . Damage Inflicted 1388 | . 224 1118 46 Guns 526 | . 224 262 40 Cannons . | . . . . Explosions 850 | . . 850 . Melee . | . . . . Ramming 12 | . . 6 6 Kinetic 231 | . 212 19 . Thermal 52 | . 12 . 40 Explosive 850 | . . 850 . Electromagnetic 243 | . . 243 . Impact . | . . . . Slashing . | . . . . Piercing . | . . . . Highest Corruption 4 | . . 2 4 Average Corruption 3 | . . 2 3 Corruption Purged . | . . . . Corruption Blocked . | . . . . Effects 4 | . . . 4 Matter Fused 2 | . . . 2 Heat Flow Errors 1 | . . . 1 Alerts 1 | . . . 1 Overload Shots . | . . . . Overflow Damage 61 | . . 61 . Projectiles . | . . . . Explosions 61 | . . 61 . Melee . | . . . . Knockbacks . | . . . . Impact . | . . . . Kinetic . | . . . . Secondary . | . . . . Self-Inflicted Damage 225 | . . 222 3 Shots 7 | . . 7 . Rammed 3 | . . 1 2 Targets Rammed 3 | . . 1 2 Kicked . | . . . . Crushed . | . . . . Highest Temperature 252 | . 15 252 100 Average Temperature 74 | . 8 81 47 Received Heat Transfer 173 | . 54 119 . Effects 1 | . . 1 . Energy Bleed 1 | . . 1 . Siege Activations . | . . . . Martial Activations . | . . . . Shielding Activations . | . . . . Robots Disrupted . | . . . . Combat Hostiles . | . . . . Robots Corrupted . | . . . . Combat Hostiles . | . . . . Parts Fried . | . . . . Impact Corruptions . | . . . . Robots Melted . | . . . . Combat Hostiles . | . . . . Parts Melted . | . . . . Heat Transferred 111 | . 37 . 74 Parts Sabotaged . | . . . . Parts Stolen . | . . . . Parts Stripped . | . . . . Power Chain Reactions . | . . . . Alert | -11 -10 -9 -9 ------- Run | Yrd Mat Mat Min Maximum Alert Level 1 | . . 1 . Low Security (%) 79 | 100 100 59 100 Level 1 20 | . . 40 . Level 2 . | . . . . Level 3 . | . . . . Level 4 . | . . . . Level 5 . | . . . . High Security . | . . . . Max Security . | . . . . Peak Influence 316 | . 90 316 106 Initial 106 | . . . 106 Average 73 | . 17 122 50 Influence Increases 661 | . 140 521 . Destroy 0b10 Robot/C 320 | . 120 200 . Destroy 0b10 Robot/NC 25 | . . 25 . Destroy Leader 80 | . 20 60 . Disable Machine 75 | . . 75 . Destroy Structure 161 | . . 161 . Influence Decreases 661 | . 140 248 273 Entered New Map 167 | . . . 167 Time Decay 414 | . 100 208 106 Lost Part 80 | . 40 40 . Squads Dispatched 3 | . 2 1 . Investigation . | . . . . Extermination . | . . . . Reinforcement 3 | . 2 1 . Assault . | . . . . Garrison . | . . . . Intercept . | . . . . Searches Triggered . | . . . . Construction Impeded . | . . . . Haulers Reinforced . | . . . . Active Scanning Responses . | . . . . Cargo Convoy Interrupts . | . . . . Stealth | -11 -10 -9 -9 --------- Run | Yrd Mat Mat Min Distress Signals 2 | . . 1 1 Communications Jammed . | . . . . Distress Signals . | . . . . Times Spotted 27 | . 11 13 3 Peak Tracking Total 8 | . 8 4 2 Tactical Retreats . | . . . . Traps | -11 -10 -9 -9 ------- Run | Yrd Mat Mat Min Traps Triggered 1 | . . 1 . Indirectly . | . . . . Trap Hack Attempts . | . . . . Triggered . | . . . . Disarmed . | . . . . Reprogrammed . | . . . . Reused . | . . . . Traps Extracted . | . . . . Installed . | . . . . Triggered . | . . . . Machines | -11 -10 -9 -9 ---------- Run | Yrd Mat Mat Min Machines Disabled 5 | . . 5 . Max in Single Turn 2 | . . 2 . Machines Repaired . | . . . . Machines Dismantled . | . . . . Machines Sabotaged . | . . . . Overloaded Fab Kills . | . . . . Hacking | -11 -10 -9 -9 --------- Run | Yrd Mat Mat Min Machines Accessed 4 | . 2 2 . Terminals 2 | . 1 1 . Fabricators . | . . . . Repair Stations . | . . . . Recycling Units 1 | . 1 . . Scanalyzers 1 | . . 1 . Garrison Access . | . . . . Total Hacks 13 | . 7 6 . Successful 9 | . 4 5 . Failed 3 | . 3 . . Catastrophic . | . . . . Database Lockouts 1 | . . 1 . Manual . | . . . . Terminals 4 | . 3 1 . Fabricators . | . . . . Repair Stations . | . . . . Recycling Units 4 | . 4 . . Scanalyzers 5 | . . 5 . Garrison Access . | . . . . Terminal Hacks 2 | . 1 1 . Record 1 | . . 1 . Emergency Access Points 1 | . 1 . . Fabricator Hacks . | . . . . Repair Station Hacks . | . . . . Recycling Unit Hacks 3 | . 3 . . Recycle Component 1 | . 1 . . Process 1 | . 1 . . Retrieve Matter 1 | . 1 . . Scanalyzer 4 | . . 4 . Insert Component 1 | . . 1 . Analyze 2 | . . 2 . Retrieve Study 1 | . . 1 . Garrison Access Hacks . | . . . . Unauthorized Hacks . | . . . . Terminals . | . . . . Fabricators . | . . . . Repair Stations . | . . . . Recycling Units . | . . . . Scanalyzers . | . . . . Garrison Access . | . . . . Data Cores Recovered . | . . . . Used . | . . . . Hacking Detections 3 | . 1 2 . Full Trace Events . | . . . . Feedback Events . | . . . . Feedback Blocked . | . . . . Robot Schematics Acquired . | . . . . Robots Built . | . . . . Authchips . | . . . . Time . | . . . . Total Robot Build Rating . | . . . . Part Schematics Acquired 1 | . . 1 . Parts Built . | . . . . Authchips . | . . . . Time . | . . . . Total Part Build Rating . | . . . . Part Studies Acquired . | . . . . Parts Repaired . | . . . . Time . | . . . . Parts Recycled 1 | . 1 . . Recycled Matter 43 | . 43 . . Retrieved Matter 43 | . 43 . . Retrieved Components . | . . . . Parts Scanalyzed 1 | . . 1 . Part Schematics Acquired 1 | . . 1 . Parts Damaged . | . . . . Bothacking | -11 -10 -9 -9 ------------ Run | Yrd Mat Mat Min Used RIF Installer . | . . . . Robots Hacked . | . . . . Non-combat . | . . . . Combat . | . . . . Robot Hacks Applied . | . . . . Relay Couplers Released . | . . . . Fabnet Peak Effective % . | . . . . Robots Rewired . | . . . . Allies Hacked . | . . . . Hacks Repelled . | . . . . Allies | -11 -10 -9 -9 -------- Run | Yrd Mat Mat Min Total Allies . | . . . . Largest Group . | . . . . Highest-Rated Group . | . . . . Highest-Rated Ally . | . . . . Total Orders . | . . . . Ally Attacks . | . . . . Total Damage . | . . . . Kills . | . . . . Allies Corrupted . | . . . . Allies Melted . | . . . . Intel | -11 -10 -9 -9 ------- Run | Yrd Mat Mat Min Active Infowar (turns) . | . . . . Robot Analysis Total . | . . . . Derelict Logs Recovered 1 | . . . 1 Drone Launches . | . . . . Drone Recoveries . | . . . . Exploration | -11 -10 -9 -9 ------------- Run | Yrd Mat Mat Min Turns Passed 1687 | 78 529 840 240 Spaces Moved 1052 | 41 172 643 196 Core 159 | 41 116 . 2 Treads . | . . . . Legs . | . . . . Wheels . | . . . . Hover 713 | . . 519 194 Flight 180 | . 56 124 . Fastest Speed 50 | 50 117 52 116 Average Speed 142 | 167 279 110 118 Slowest Speed 400 | 250 360 197 400 Overloaded Moves . | . . . . Propulsion Burnouts . | . . . . Robots Hopped . | . . . . Potential Cave-ins . | . . . . Cave-ins Triggered . | . . . . Exploration Rate (%) 32 | 3 35 46 45 Regions Visited 3 Branch Regions 1 Pre-discovered Areas 1 | . . . 1 Known Exits Taken . | . . . . Unknown Exits Taken 3 | 1 1 1 . Scrap Searched . | . . . . Spaces Dug 8 | . . 8 . Terrain Destroyed 174 | . . 173 1 Melee . | . . . . Projectile 1 | . . . 1 AOE 173 | . . 173 . Terrain Rammed . | . . . . Walls Destroyed . | . . . . Machines Disabled . | . . . . Actions | -11 -10 -9 -9 --------- Run | Yrd Mat Mat Min Total 1180 | 52 202 724 202 Wait 27 | 2 2 23 . Move 1049 | 40 171 642 196 Hop . | . . . . Pick Up 31 | 6 11 14 . Fast Attach . | . . . . Attach 17 | 4 6 5 2 Detach . | . . . . Swap 8 | . 2 6 . Drop 9 | . . 9 . Fire 36 | . 10 24 2 Melee . | . . . . Ram 3 | . . 1 2 Kick . | . . . . Crush . | . . . . Escape Stasis . | . . . . Rewire . | . . . . Trap . | . . . . Miscellaneous . | . . . . Route ------- -11/Scrapyard -10/Materials -9/Materials -9/Mines (discovered 2 exits: [*Mat x2]) History --------- Turn | Location | Event 3 | -11/Scrapyard | Discovered new exit (range 15) 79 | -11/Scrapyard | Entered Materials 315 | -10/Materials | Build established: Mutant 406 | -10/Materials | Core integrity fell below 50% 540 | -10/Materials | Discovered new exit (range 16) 608 | -10/Materials | Entered another Materials area 608 | -9/Materials | Evolved 2 slots: Power x1, Propulsion x1 1101 | -9/Materials | Central database locked down 1422 | -9/Materials | Discovered new exit (range 12) 1438 | -9/Materials | Lost 3 parts (1p1n1w) 1448 | -9/Materials | Entered Mines 1500 | -9/Mines | Discovered new exit (range 9) 1552 | -9/Mines | Discovered new exit (range 9) 1633 | -9/Mines | Learned location of Zion (-7) 1634 | -9/Mines | Assembled infested the area 1676 | -9/Mines | Core integrity fell below 50% 1687 | -9/Mines | Core integrity fell below 20% 1688 | -9/Mines | Destroyed by D-53 Grenadier with Mini Grenade Launcher Last Messages --------------- payload. D-53 Grenadier unfolds itself. U-05 Engineer lays Concrete. Imp. Grenade Launcher destroyed. Identified Adv. Beam Rifle. U-05 Engineer lays Concrete. The unstable cave ceiling collapses. U-05 Engineer lays Concrete. Airjet destroyed. U-05 Engineer lays Concrete. Ion Engine destroyed. U-05 Engineer lays Concrete. Adv. Beam Rifle destroyed. K-01 Serf destroyed. The unstable cave ceiling collapses. U-05 Engineer lays Concrete. The unstable cave ceiling collapses. U-05 Engineer lays Concrete. Adv. Beam Rifle destroyed. U-05 Engineer lays Concrete. Map ----- +----------------------------------------------------+ | | | | | | | ?????????????????????????????????????????????? | | ?????????????????????????????????????????????? | | ?########????????????????????????????????????? | | ?# ##???????????????????????????????????? | | ?# !!!! ##??????????????????????????????????? | | ?# !!! ##????????????####?????????????????? | | ?# !!!! #?????????#### #?????????????????? | | ?# !!!! #????????## #?????????????????? | | ?# #??????### #?????????????????? | | ?# #???????# #??????????????????? | | ?# #???????# #??????????????????? | | ?# #???????# #??????????????????? | | ?## ##???????#### ##?????????????????? | | ??## ## #???????????# #?????????????????? | | ???##### #####???????# ##????????????????? | | ???????# #??????#### ##???????????????? | | ???????#### #?????### ######??????????? | | ?????####?# #????## #??????????? | | ????## ### ###?## #### #??????????? | | ???## ## #?# ## #??????????? | | ??## # #?# #?# #??????????? | | ??# #?# d #?# #??????????? | | ??# ##?##* @ % #?# #??????????? | | ??# ## #??## d ##?# #??????? ??? | | ??# #### ####u u #### #### | | ??# #??## | | ??# #??## | | ??# #??# #### | | ??# #??# #???# | | ??# #### ### #???#### | | ??# ## #?##### #???????? | | ??# #?????## #????????## # | | ??## #??????## ??????????# | | ???# ##???????## ????????? | | ???## ##?????????### ???????? | | ????## ###????????????#### ###??????? | | ?????### #?????????????????## ###????????? | | ???????# #??##########???????# ##??????????? | | ???????# #??# #????????###???????????? | | ???????# #??# #??????????????????????? | | ???????# #### """ #??????????????????????? | | ???????# """ #??????????????????????? | | ???????# """ #??????????????????????? | | ???????### ### #??????????????????????? | | ?????????# #?# < #??????????????????????? | | ?????????# #?# #??????????????????????? | | ?????????# #?# #??????????????????????? | +----------------------------------------------------+ Best States ------------- Heat Dissipation 42 Energy Generation 15 Energy Capacity 400 Matter Stores 300 Matter Capacity 300 Sight Range 16 Terrain Scan Density 10 Weapon Shielding 33 Evasion (%) 54 Item Schematics ----------------- Imp. Heat Sink | -9/Materials | Scanalyzed Robot Schematics ------------------ None Fabricated ------------ Nothing Repaired ---------- Nothing Studied --------- None Alien Tech Used ----------------- None Achievements -------------- None Challenges ------------ None Game ------ Seed HelicalRefineryRocket Manual? 0 Play Time 00:19:46 Cumulative 22.1 hours Start 2026.03.28 @ 16:51:37 End 2026.03.28 @ 17:10:38 Sessions 1 Manual Loads 0 Difficulty Rogue Special Mode None Game No. 41 Rogue 41 Adventurer 0 Explorer 0 Win Type - Total 0 Types 0/0/0/0/0/0/0/0/0/0 Lore% 10 Gallery% 19 Achievement% 13 Wizard Run 0 Options --------- Layout 1 ASCII 0 Keyboard 0 Movement Numpad Keybinds 0 Fullscreen 1 Font 32/SmallcapsGlow Map View 50x35 Zoom Use 0% Tactical HUD 0 Map Filters NONE Filters NONE Steam 1 RUN: d7eb60f8-afc7-40f4-908e-f0ff51ca6b4a